 Dungeon Crawl Stone Soup version bcrawl-1.27.6 (webtiles) character file.

Game seed: 11368196158758298133

303890 DogServant the Basher (level 9, -3/96 HPs)
             Began as an Ogre Hunter on Oct 7, 2020.
             Was an Initiate of Ru.
             Slain by a bullfrog (11 damage)
             ... on level 6 of the Dungeon.
             The game lasted 00:10:57 (5679 turns).

DogServant the Basher (Ogre Hunter)                 Turns: 5679, Time: 00:10:57

Health: -3/96      AC:  3    Str: 20    XL:     9   Next: 56%
Magic:  9/9        EV: 12    Int: 12    God:    Ru [......]
Gold:   468        SH:  0    Dex: 10    Spells: 7/8 levels left

rFire    . . .     SeeInvis .   w - +0 giant club
rCold    . . .     Gourm    .   (shield currently unavailable)
rNeg     . . .     Faith    .   y - +0 robe {MR+}
rPois    .         Spirit   .   (helmet restricted)
rElec    .         Reflect  .   (no cloak)
rCorr    +         Harm     .   (gloves unavailable)
MR       +....                  (boots unavailable)
Stlth    +.........             p - amulet of regeneration
HPRegen  0.53/turn              A - ring of resist corrosion
MPRegen  0.11/turn              (no ring)

@: no status effects
A: large, unfitting armour, tough skin 1
a: Renounce Religion


You were on level 6 of the Dungeon.
You worshipped Ru.
Ru was noncommittal.
You were not hungry.

You visited 1 branch of the dungeon, and saw 6 of its levels.

You collected 468 gold pieces.

Inventory:

Hand Weapons
 w - a +0 giant club (weapon)
Missiles
 c - 26 large rocks
 d - 2 throwing nets {=f}
 r - 268 javelins (quivered)
Armour
 b - a +0 robe
 y - a +0 robe of magic resistance (worn)
Jewellery
 f - a +4 amulet of reflection
 p - an amulet of regeneration (around neck)
 A - a ring of resist corrosion (left hand)
Scrolls
 g - 12 scrolls of identify
 h - 3 scrolls of fear
 i - a scroll of amnesia
 j - 3 scrolls of teleportation {unknown}
 l - 2 scrolls of enchant weapon
 s - 5 scrolls of remove curse
 u - 2 scrolls of magic mapping {unknown}
 x - 2 scrolls of enchant armour {unknown}
 C - a scroll of noise {unknown}
Potions
 a - 2 potions of magic {unknown}
 k - 3 potions of curing {unknown}
 m - 2 potions of haste {unknown}
 n - 2 potions of lignification {unknown}
 o - a potion of agility
 q - 2 potions of heal wounds {unknown}
 t - a potion of degeneration {unknown}
 v - a potion of mutation {unknown}
 z - a potion of might {unknown}
 B - 2 potions of invisibility {unknown}
Comestibles
 e - 9 rations {!d}


   Skills:
 - Level 8.1 Fighting
 + Level 8.5 Maces & Flails
 - Level 7.2 Throwing
 * Level 5.8 Dodging
 - Level 0.7 Stealth


You had 7 spell levels left.
You knew the following spells:

 Your Spells              Type           Power        Failure   Level  Hunger
a - Animate Skeleton      Necr           N/A          32%         1    None

Your spell library contained the following spells:

 Spells                   Type           Power        Failure   Level  Hunger
 Pain                     Necr           #.....       32%         1    None
 Regeneration             Chrm/Necr      #.........   69%         3    #####..
 Vampiric Draining        Necr           #.........   69%         3    #####..
 Animate Dead             Necr           N/A          97%         4    ######.
 Bolt of Draining         Conj/Necr      #.........   100%        5    #######


Dungeon Overview and Level Annotations

Branches:
Dungeon (6/12)             Temple (0/1) D:5

Altars:
Elyvilon
Fedhas
Gozag
Qazlal
Ru
Wu Jian
Zin

Annotations:
D:4 1 runed translucent door, Quickbrownfox's ghost, amateur MiSA


Innate Abilities, Weirdness & Mutations

You are too large for most types of armour.
You have tough skin. (AC +1)


Message History

Okay, then.
You bludgeon the ogre!!
You kill the ogre!
The bullfrog barely misses you.
You hit the bullfrog.
The bullfrog is lightly wounded.
The bullfrog hits you.
* * * LOW HITPOINT WARNING * * *
The bullfrog barely misses you.
You barely miss the bullfrog.
The bullfrog is lightly wounded.
The bullfrog hits you.
* * * LOW HITPOINT WARNING * * *
The bullfrog closely misses you.
You closely miss the bullfrog.
The bullfrog is lightly wounded.
The bullfrog hits you.
* * * LOW HITPOINT WARNING * * *
The bullfrog hits you!
You die...

#.... #..# #.#.# #..# #....
##+# #.. ###.# #...# ...
#.# ....^# ### #.# #..
......# ##.###.# ##..
.......####...##.#######...
.......'.F@................
.......####...##.#######...
......# ##.###.# #...
.....# ### #.# #.#. #...#
..# #.## ##.. ### #.#. #.
#.#. # #... ###.


You could see a bullfrog.

Vanquished Creatures
  A centaur zombie (D:6)
  An ice beast (D:6)
  A hornet zombie (D:6)
  2 phantoms (D:4)
  3 sky beasts
  2 ogres
  A centaur (D:6)
  A big kobold (D:5)
  A bullfrog (D:6)
  5 scorpions
  A wight (D:4)
  A bullfrog zombie (D:4)
  2 hounds (D:4)
  4 orc priests
  2 centaur skeletons
  An iguana (D:5)
  Natasha (twice) (D:4)
  4 orc wizards
  4 worker ants
  A hound zombie (D:6)
  5 adders
  5 worms
  3 dart slugs
  2 leopard geckos
  13 orcs
  2 giant cockroaches
  7 goblins
  6 hobgoblins
  10 kobolds
  3 quokkas
  4 bats
  4 frilled lizards
  6 rats
110 creatures vanquished.

Notes
Turn   | Place    | Note
-------+----------+-------------------------------------------
     0 | D:1      | DogServant the Ogre Hunter began the quest for the Orb.
     0 | D:1      | Reached XP level 1. HP: 22/22 MP: 1/1
   130 | D:1      | Reached XP level 2. HP: 16/31 MP: 2/2
   918 | D:2      | Reached XP level 3. HP: 37/37 MP: 3/3
   920 | D:2      | Reached skill level 1 in Maces & Flails
  1137 | D:2      | Found a white marble altar of Elyvilon.
  1240 | D:2      | Noticed a sky beast
  1242 | D:2      | Killed a sky beast
  1242 | D:2      | Reached skill level 5 in Throwing
  1242 | D:2      | Reached XP level 4. HP: 49/49 MP: 4/4
  1242 | D:2      | Reached XP level 5. HP: 55/55 MP: 5/5
  2193 | D:3      | Found an ornate altar of the Wu Jian Council.
  2376 | D:3      | Reached skill level 5 in Fighting
  2429 | D:3      | Reached XP level 6. HP: 63/66 MP: 6/6
  2455 | D:3      | Learned a level 1 spell: Animate Skeleton
  2952 | D:4      | Found a blossoming altar of Fedhas.
  2985 | D:4      | Found a blossoming altar of Fedhas.
  2989 | D:4      | Reached XP level 7. HP: 24/74 MP: 7/7
  3502 | D:4      | Noticed Natasha
  3503 | D:4      | Reached skill level 5 in Maces & Flails
  3508 | D:4      | Killed Natasha
  3758 | D:4      | Reached XP level 8. HP: 27/87 MP: 8/8
  3806 | D:4      | Noticed Natasha
  3810 | D:4      | Killed Natasha
  4031 | D:4      | Found a runed translucent door.
  4035 | D:4      | Noticed a two-headed ogre
  4036 | D:4      | Noticed Quickbrownfox's ghost (amateur MiSA)
  4302 | D:5      | Entered Level 5 of the Dungeon
  4327 | D:5      | HP: 3/88 [orc priest/+0 club (4)]
  4435 | D:5      | Found an opulent altar of Gozag.
  4530 | D:5      | Found a sacrificial altar of Ru.
  4632 | D:5      | Found a stormy altar of Qazlal.
  4918 | D:5      | Found a staircase to the Ecumenical Temple.
  5103 | D:5      | Became a worshipper of Ru the Awakened
  5200 | D:6      | Reached XP level 9. HP: 35/96 MP: 9/9
  5416 | D:6      | Found a glowing silver altar of Zin.
  5486 | D:6      | Reached skill level 5 in Dodging
  5679 | D:6      | Slain by a bullfrog

Skill      XL: |  1  2  3  4  5  6  7  8  9 |
---------------+----------------------------+-----
Fighting       | 3 4 5 7 8 |  8.1
Maces & Flails | 2 3 4 5 7 8 |  8.5
Throwing       | 5 6 7 |  7.2
Dodging        | 3 5 |  5.8
Stealth        | |  0.7

Action                   |  1- 3 |  4- 6 |  7- 9 || total
-------------------------+-------+-------+-------++-------
Melee: Short sword       |    23 |       |       ||    23
       Club              |    66 |    49 |       ||   115
       War axe           |       |    24 |     8 ||    32
       Giant club        |       |       |   118 ||   118
Throw: Large rock        |    17 |    38 |    39 ||    94
       Javelin           |       |       |    12 ||    12
  Use: Scroll            |       |       |     5 ||     5
 Stab: Sleeping          |     1 |       |     1 ||     2
  Eat: Chunk             |     5 |     8 |    16 ||    29
Armor: Robe              |    24 |    23 |    23 ||    70
Dodge: Dodged            |    71 |    63 |    89 ||   223
